 Dungeon Crawl Stone Soup version 0.29.1-2-gbd0b4ee654 (webtiles) character file.

Game seed: 3808472850534554323

37 GorkyZ the Trooper (level 3, -2/24 HPs)
             Began as a Gargoyle Fighter on Nov 26, 2022.
             Slain by a white imp (4 damage)
             ... summoned by Natasha
             ... on level 3 of the Dungeon.
             The game lasted 00:05:53 (1516 turns).

GorkyZ the Trooper (Gargoyle Fighter)               Turns: 1516, Time: 00:05:54

Health: -2/24      AC: 12    Str: 21    XL:     3   Next: 39%
Magic:  3/3        EV:  5    Int:  8    God:
Gold:   94         SH:  9    Dex:  9    Spells: 2/2 levels left

rFire   + . .      SeeInvis .   a - +1 war axe
rCold   . . .      Faith    .   i - +1 kite shield
rNeg    + . .      Spirit   .   b - +0 scale mail
rPois   ∞          Reflect  .   (no helmet)
rElec   +          Harm     .   (no cloak)
rCorr   .          Rampage  .   (no gloves)
Will    +++..                   f - +1 pair of boots of the Frog {Drain rElec rF+ Will+++}
Stlth   ..........              (no amulet)
HPRegen 0.08/turn               (no ring)
MPRegen 0.08/turn               (no ring)

@: grasped by roots, constricted
A: sickness immunity, AC +3, negative energy resistance 1, electricity
resistance, torment resistance 1, petrification resistance
a: no special abilities


You were on level 3 of the Dungeon.
You visited 1 branch of the dungeon, and saw 3 of its levels.

You collected 94 gold pieces.

Inventory:

Hand Weapons
 a - a +1 war axe (weapon)
Armour
 b - a +0 scale mail (worn)
 c - a +0 buckler
 f - the +1 pair of boots of the Frog (worn) {Drain rElec rF+ Will+++}
   (You acquired it on level 3 of the Dungeon)

   rF:        It protects you from fire.
   rElec:     It insulates you from electricity.
   Drain:     It drains your maximum health when unequipped.
   Will:      It greatly increases your willpower.
 i - a +1 kite shield (worn)
 k - a +3 leather armour
Scrolls
 g - a scroll of enchant weapon
 h - 2 scrolls of identify {unknown}
Potions
 d - 2 potions of might
 e - a potion of degeneration {unknown}


   Skills:
 + Level 3.7 Fighting
 + Level 2.2 Axes
 + Level 0.0 Throwing
 + Level 3.6 Armour
 + Level 0.0 Dodging
 + Level 3.7 Shields
 + Level 0.0 Evocations


You had 2 spell levels left.
You didn't know any spells.
Your spell library was empty.

Dungeon Overview and Level Annotations

Branches:
Dungeon (3/15)

Altars:

Annotations:
D:3 Natasha


Innate Abilities, Weirdness & Mutations

You are immune to sickness and miasma.
Your stone body is resilient. (AC +3)
You are immune to poison.
You resist negative energy. (rN+)
You are resistant to electric shocks. (rElec)
You are resistant to unholy torment.
You are immune to petrification.


Message History

Roots grab your quokka.
The grasping roots constrict your quokka.
The grasping roots constrict you.
You hit Natasha.
Natasha is moderately wounded.
The roots release their grip on your quokka.
Natasha zaps a wand.
The roots erupt in riotous growth!
Natasha is unaffected.
Roots grab your quokka.
The grasping roots constrict your quokka.
Your quokka dies!
Your quokka's corpse dissolves into shadows!
The grasping roots constrict you. You block Natasha's attack.
The grasping roots constrict you.
You barely miss Natasha.
Natasha is moderately wounded.
Natasha mumbles some strange words.
The grasping roots constrict you.
The grasping roots release their grip on you.
You closely miss Natasha.
Natasha is moderately wounded.
You barely miss the white imp.
Natasha extends her claws.
Natasha claws you.
The white imp hits you but does no damage.
Natasha barely misses you.
You hit Natasha.
Natasha is heavily wounded.
You hit the white imp. The white imp gestures at you.
The puff of frost hits you.
* * * LOW HITPOINT WARNING * * *
Natasha zaps a wand.
The roots erupt in riotous growth!
The grasping roots grab you!
Natasha is unaffected.
The white imp is unaffected.
The grasping roots constrict you.
* * * LOW HITPOINT WARNING * * *
The white imp hits you.
* * * LOW HITPOINT WARNING * * *
The white imp freezes you.
You die...

*>******
***,*,
*,#..,,*
**,,*
#,#.#***
*,,**
*.#.#
**,***
*.#.##**
**,,*
*,...,,*
*,***
*##.#***
*,*
###.5####
**,*
#.h@....#
*,**
#..#....#
*,* *
*#.###.###
**,* **
##.#*
##.##
**,** *,
#.#* ##.#
*,,* *,
##.#*
##r## *>**
*,
*#.###.##
*** **
#..#.####
*
#....o..##


You could see Natasha and a white imp (summoned).

Vanquished Creatures
  2 worms (D:2)
  A dart slug (D:2)
  A bat (D:2)
  3 endoplasms
  A giant cockroach (D:1)
  A hobgoblin (D:2)
  3 jackals (D:1)
  5 kobolds (D:1)
  4 ball pythons
  A frilled lizard (D:2)
  2 goblins
  4 rats
28 creatures vanquished.

Vanquished Creatures (others)
  11 demonic plants (D:2)
  6 fungi (D:2)
  7 plants (D:2)
  13 withered plants (D:2)
37 creatures vanquished.

Grand Total: 65 creatures vanquished

Notes
Turn   | Place    | Note
-------+----------+-------------------------------------------
     0 | D:1      | GorkyZ the Gargoyle Fighter began the quest for the Orb.
     0 | D:1      | Reached XP level 1. HP: 14/14 MP: 1/1
   164 | D:1      | Reached XP level 2. HP: 16/19 MP: 2/2
  1074 | D:2      | Reached XP level 3. HP: 23/23 MP: 3/3
  1474 | D:3      | Identified a scroll of acquirement
  1474 | D:3      | Acquired the +1 pair of boots of the Frog {Drain rElec rF+
                  | Will+++}
  1511 | D:3      | Noticed Natasha
  1516 | D:3      | Slain by a white imp

Illustrated notes

Levels and vault maps discovered:
D:1:      lightli_arrival_statue_moat, layout_basic
D:2:      layout_basic, shapermc_ecumenical_altar_gd
D:3:      kb_forest_paths, layout_loops_corners, uniq_natasha, uniq_jessica

Skill      XL: |  1 |
---------------+----+-----
Axes           | 2 |  2.2
Fighting       | |  3.7
Armour         | |  3.6
Shields        | |  3.7

Action                   || total
-------------------------++-------
Melee: War axe           ||    92
  Use: Scroll            ||     5
Armor: Scale mail        ||    59
Dodge: Dodged            ||    41
Block: Buckler           ||    12
       Kite shield       ||    14
